 Dungeon Crawl Stone Soup version 0.23.2-33-g5129a83184 (webtiles) character file.

Game seed: 7386472557866001604

574 Morrissey the Conjurer (level 7, -3/36 HPs)
             Began as a Deep Elf Conjurer on July 13, 2019.
             Killed by nerve-wracking pain
             ... invoked by an orc priest
              (11 damage)
             ... on level 4 of the Dungeon.
             The game lasted 00:19:40 (4905 turns).

Morrissey the Conjurer (Deep Elf Conjurer)          Turns: 4905, Time: 00:19:41

Health: -3/36      AC:  2    Str:  5    XL:     7   Next: 12%
Magic:  24/32      EV: 14    Int: 22    God:
Gold:   196        SH:  0    Dex: 15    Spells: 7/17 levels left

rFire    . . .     SeeInvis .   a - staff of power
rCold    . . .     Gourm    .   (no shield)
rNeg     . . .     Faith    .   n - +0 robe
rPois    .         Spirit   .   (no helmet)
rElec    .         Reflect  .   (no cloak)
rCorr    .         Harm     .   (no gloves)
MR       .....                  (no boots)
Stlth    +++.......             (no amulet)
HPRegen  0.12/turn              (no ring)
MPRegen  0.23/turn              (no ring)

@: no status effects
A: no striking features
a: no special abilities


You were on level 4 of the Dungeon.
You were not hungry.

You visited 1 branch of the dungeon, and saw 4 of its levels.

You collected 196 gold pieces.

Inventory:

Armour
 n - a +0 robe (worn)
Magical Staves
 a - an uncursed staff of power (weapon)
Jewellery
 l - the ring "Ufilaoh" {Wiz rElec rF+ Stlth+, unknown}
   (You found it on level 4 of the Dungeon)

   [ring of wizardry]

   It improves your spell success rate.
   It protects you from fire.
   It insulates you from electricity.
   It makes you more stealthy.
Wands
 b - a wand of digging (3)
 o - a wand of polymorph (7)
Scrolls
 d - a scroll of enchant armour {unknown}
 g - 2 scrolls of remove curse {unknown}
 h - 2 scrolls of teleportation {unknown}
 m - 3 scrolls of amnesia {unknown}
 p - a scroll of fog {unknown}
 u - 2 scrolls of enchant weapon {unknown}
Potions
 e - 2 potions of heal wounds
 f - 5 potions of curing
 i - 2 potions of resistance
 j - a potion of flight
 k - a potion of berserk rage
 q - a potion of magic {unknown}
 r - a potion of invisibility {unknown}
 s - a potion of might {unknown}
Comestibles
 c - 10 rations
 t - 5 chunks of flesh


   Skills:
 - Level 4.1 Dodging
 - Level 4.0 Stealth
 + Level 5.7 Spellcasting
 * Level 7.4 Conjurations


You had 7 spell levels left.
You knew the following spells:

 Your Spells              Type           Power        Failure   Level  Hunger
a - Magic Dart            Conj           ####         1%          1    None
b - Searing Ray           Conj           #####.       1%          2    None
c - Dazzling Spray        Conj/Hex       ###...       6%          3    ##.....
d - Force Lance           Conj/Tloc      ###.....     21%         4    ####...

Your spell library contained the following spells:

 Spells                   Type           Power        Failure   Level  Hunger
 Iskenderun's Mystic Bla  Conj           #####...     4%          4    ####...
 Conjure Flame            Conj/Fire      ###.....     6%          3    ##.....
 Summon Small Mammal      Summ           #...         10%         1    None
 Mephitic Cloud           Conj/Pois/Air  ###.....     10%         3    ##.....
 Blink                    Tloc           N/A          14%         2    None
 Call Imp                 Summ           #.......     14%         2    None
 Slow                     Hex            #.......     14%         2    None
 Fulminant Prism          Conj/Hex       ###.......   21%         4    ####...
 Call Canine Familiar     Summ           #.......     28%         3    ##.....
 Summon Guardian Golem    Hex/Summ       #.......     28%         3    ##.....
 Summon Ice Beast         Ice/Summ       #.......     67%         4    ####...
 Summon Lightning Spire   Summ/Air       #.......     67%         4    ####...


Dungeon Overview and Level Annotations

Branches:
Dungeon (4/15)
 Temple: D:4-7

Altars:
Hepliaklqana
Nemelex Xobeh
Qazlal
Ru
Uskayaw


Message History

Aiming: Searing Ray (safe; 1% risk of failure)
Press: ? - help, Shift-Dir - straight line, f/p - orc priest
Aim: an orc priest, wielding a +0 club and wearing a +0 leather armour (heavily wounded)
The searing ray hits the orc priest.
The orc priest is almost dead. (Press . to maintain the ray.)
The orc shouts!
The orc priest invokes the aid of Beogh against you.
Beogh smites you!
The orc priest calls down the wrath of Beogh upon you.
Beogh smites you!
* * * LOW HITPOINT WARNING * * *
The searing ray hits the orc priest.
You kill the orc priest!
The searing ray hits the orc!
You kill the orc!
You finish channeling your searing ray.
The orc priest calls down the wrath of Beogh upon you.
Pain shoots through your body!
You die...

+...รท.#....#
#.....[#.....######
......#.....#######
#.o.................
..o.........#######
.)....###.## #(.###
#.# #..# #.# ###
#####@.######.# #..
#...#.......#.# #..
#...#.......#.# #..
#...#.......#.######..
#...'.................
#...#.#####.#.########
#...#.#####.#.#
#>..#.........#
#.########[..[<#######


You could see an orc priest and an orc.

Vanquished Creatures
  A scorpion (D:4)
  A crimson imp (D:2)
  A hound (D:4)
  An orc priest (D:4)
  A centaur skeleton (D:4)
  Jessica (D:3)
  Ijyb (D:3)
  3 orc wizards (D:4)
  Terence (D:1)
  A worker ant (D:4)
  4 gnolls
  7 adders
  2 oozes
  An adder skeleton (D:4)
  2 worms (D:3)
  3 dart slugs
  4 leopard geckos
  5 orcs
  2 ball pythons
  A giant cockroach (D:2)
  16 goblins
  10 hobgoblins
  7 kobolds (D:1)
  5 quokkas
  11 bats
  5 frilled lizards
  12 rats
109 creatures vanquished.

Notes
Turn   | Place    | Note
-------+----------+-------------------------------------------
     0 | D:1      | Morrissey the Deep Elf Conjurer began the quest for the
                  | Orb.
     0 | D:1      | Reached XP level 1. HP: 10/10 MP: 6/6
   244 | D:1      | Reached XP level 2. HP: 15/15 MP: 5/8
   271 | D:1      | Learned a level 2 spell: Searing Ray
   599 | D:1      | Reached skill level 5 in Conjurations
   599 | D:1      | Reached XP level 3. HP: 19/19 MP: 1/10
   900 | D:1      | Learned a level 3 spell: Dazzling Spray
  1137 | D:2      | Found a hide-covered altar of Uskayaw.
  1168 | D:2      | Reached XP level 4. HP: 24/24 MP: 5/11
  1438 | D:2      | Learned a level 4 spell: Force Lance
  1653 | D:2      | Found a sacrificial altar of Ru.
  1684 | D:2      | Noticed Terence
  1782 | D:1      | Killed Terence
  1978 | D:2      | Found a hazy altar of Hepliaklqana.
  2144 | D:2      | Found a stormy altar of Qazlal.
  2740 | D:3      | Reached XP level 5. HP: 28/28 MP: 9/13
  3289 | D:3      | Found a sparkling altar of Nemelex Xobeh.
  3334 | D:3      | Noticed Ijyb
  3375 | D:3      | Reached skill level 6 in Conjurations
  3501 | D:3      | Killed Ijyb
  3647 | D:3      | Noticed Jessica
  3649 | D:3      | Killed Jessica
  3882 | D:4      | Reached XP level 6. HP: 25/32 MP: 7/15
  4037 | D:4      | Got a vibrating ivory ring
  4433 | D:4      | Reached skill level 5 in Spellcasting
  4580 | D:4      | Reached skill level 7 in Conjurations
  4731 | D:4      | Reached XP level 7. HP: 28/36 MP: 17/17
  4905 | D:4      | Killed from afar by an orc priest

Skill      XL: |  1  2  3  4  5  6 |
---------------+-------------------+-----
Dodging        | 3 4 |  4.1
Conjurations   | 5 6 7 |  7.4
Stealth        | 3 4 |  4.0
Spellcasting   | 4 5 |  5.7

Action                   |  1- 3 |  4- 6 |  7- 9 || total
-------------------------+-------+-------+-------++-------
Melee: Unarmed           |     2 |    21 |       ||    23
 Cast: Magic Dart        |    69 |   178 |     7 ||   254
       Dazzling Spray    |       |     4 |       ||     4
       Force Lance       |       |     2 |       ||     2
       Searing Ray       |       |    11 |     2 ||    13
  Use: Scroll            |       |     6 |       ||     6
 Stab: Sleeping          |     1 |       |       ||     1
  Eat: Chunk             |     1 |    11 |     1 ||    13
Armor: Robe              |       |     6 |       ||     6
Dodge: Dodged            |     7 |    59 |       ||    66
